 Dungeon Crawl Stone Soup version 0.30.0-5-g1a98f26d00 (webtiles) character file.

Game seed: 16377569158563329941

138 thromnambular the Gusty (level 4, 0/35 HPs)
             Began as a Demigod Air Elementalist on May 10, 2023.
             Succumbed to a scorpion's poison
             ... on level 4 of the Dungeon.
             The game lasted 00:10:57 (3861 turns).

thromnambular the Gusty (Demigod Air Elementalist)  Turns: 3861, Time: 00:10:58

Health: 0/35       AC:  2    Str:  9    XL:     4   Next: 70%
Magic:  1/9        EV: 13    Int: 21    God:
Gold:   182        SH:  0    Dex: 14    Spells: 1/7 levels left

rFire   . . .        b - staff of conjuration
rCold   . . .        (no shield)
rNeg    + . .        a - +0 robe
rPois   .            (no helmet)
rElec   .            (no cloak)
rCorr   .            (no gloves)
SInv    .            (no boots)
Will    .....        (no amulet)
Stlth   ++           e - ring of positive energy
HPRegen 0.25/turn    (no ring)
MPRegen 0.11/turn

%: no passive effects
@: lethally poisoned (0 -> -9), flying, very slightly contaminated
A: high MP 1, forlorn, divine attributes, sense surroundings 1, subdued magic 1,
MP-powered wands
a: no special abilities


You were on level 4 of the Dungeon.
You visited 1 branch of the dungeon, and saw 4 of its levels.

You collected 182 gold pieces.

Inventory:

Hand Weapons
 d - a +1 dagger
Missiles
 c - 8 boomerangs
Armour
 a - a +0 robe (worn)
Magical Staves
 b - a staff of conjuration (weapon)
Jewellery
 e - a ring of positive energy (left hand)
 i - a ring of ice
 k - the ring "Koufoumy" {Ice rElec Int+3 Dex-5}
   (You found it on level 3 of the Dungeon)

   [ring of ice]

   It enhances your ice magic.
   Int:       It affects your intelligence (+3).
   Dex:       It affects your dexterity (-5).
   rF:        It makes you vulnerable to fire.
   rC:        It protects you from cold.
   rElec:     It insulates you from electricity.
Wands
 f - a wand of polymorph (4)
Scrolls
 g - a scroll of teleportation
 h - a scroll of noise
Potions
 j - 2 potions of attraction
 n - a potion of invisibility {unknown}


   Skills:
 + Level 1.2 Fighting
 + Level 3.3 Dodging
 - Level 1.7 Stealth
 - Level 2.1 Spellcasting
 + Level 1.6 Conjurations
 - Level 3.3 Air Magic


You had one spell level left.
You knew the following spells:

 Your Spells              Type           Power      Damage    Failure   Level
a - Shock                 Conj/Air       56%        1d6       4%          1
b - Static Discharge      Conj/Air       28%        2-4/arc   6%          2
c - Swiftness             Air            12%        N/A       9%          3

Your spell library contained the following spells:

 Spells                   Type           Power      Damage    Failure   Level
 Magic Dart               Conj           40%        1d5       6%          1
 Apportation              Tloc           2%         N/A       12%         1
 Call Imp                 Summ           2%         N/A       19%         2
 Lesser Beckoning         Tloc           2%         N/A       19%         2
 Mephitic Cloud           Conj/Pois/Air  10%        N/A       19%         3
 Airstrike                Air            6%         2d(1-17)  32%         4
 Gell's Gravitas          Tloc           1%         N/A       36%         3
 Teleport Other           Tloc           1%         N/A       36%         3
 Passage of Golubria      Tloc           1%         N/A       78%         4
 Silence                  Hex/Air        3%         N/A       88%         5
 Alistair's Intoxication  Tmut/Pois      0%         N/A       98%         5
 Lehudib's Crystal Spear  Conj/Erth      3%         10d2      100%        8


Dungeon Overview and Level Annotations

Branches:
Dungeon (4/15)
 Temple: D:4-7


Innate Abilities, Weirdness & Mutations

You have an increased reservoir of magic. (+10% MP)
You shall have no god before yourself.
Your divine heritage dramatically boosts your attributes as you level up.
You passively map a small area around you.
Your spells are a little easier to cast, but a little less powerful.
You expend magic power (3 MP) to strengthen your wands.


Message History

The scorpion is severely wounded.
You are struck by an arc of lightning.
The scorpion is struck by an arc of lightning.
The scorpion is almost dead.
The lightning grounds out.
The scorpion closely misses you. The scorpion misses you.
Aiming: Polymorph
Press: ? - help, Shift-Dir - straight line, f/p - scorpion
Aim: a scorpion (almost dead, will become a swamp drake, a howler monkey, or a jelly, chance to affect: 49%)
Okay, then.
Throw: 8 boomerangs
Press: ? - help, Q - select action, (/) - cycle Shift-Dir - straight line, f/p - scorpion
Aim: a scorpion (almost dead, 57% to hit)
You throw a boomerang.
The boomerang barely misses the scorpion.
The scorpion stings you.
Throw: 8 boomerangs
Press: ? - help, Q - select action, (/) - cycle Shift-Dir - straight line, f/p - scorpion
Aim: a scorpion (almost dead, 57% to hit)
You throw a boomerang.
The boomerang hits the scorpion but does no damage.
The scorpion is almost dead.
The scorpion stings you.
* * * LOW HITPOINT WARNING * * *
You are lethally poisoned!
The scorpion poisons you! The scorpion stings you.
* * * LOW HITPOINT WARNING * * *
Throw: 8 boomerangs
Press: ? - help, Q - select action, (/) - cycle Shift-Dir - straight line, f/p - scorpion
Aim: a scorpion (almost dead, 57% to hit)
You throw a boomerang.
The boomerang closely misses the scorpion.
* * * LOW HITPOINT WARNING * * *
You feel very sick. The scorpion stings you.
* * * LOW HITPOINT WARNING * * *
It was a potion of flight.
You feel very buoyant.
You fly up into the air.
You die...

* #. #. , *, #.. , ,
#..,* , , , #... *
###...### , ,
......s.# , ,
.##....#@# * *
,......#.# *, , ,
#....#.# , <
#....#.#######. , ,
* #.............> ,
, #......######.. *
#....#.## #.. ## ,
#....#..# #.. ...
#....#..#####.###.#*


You could see a scorpion.

Vanquished Creatures
  4 gnolls (D:3)
  3 adders
  A dart slug (D:4)
  An orc (D:3)
  6 bats
  6 endoplasms
  2 giant cockroaches
  10 goblins
  4 hobgoblins
  5 quokkas
  8 ball pythons
  4 frilled lizards
  7 kobolds
  3 rats
64 creatures vanquished.

Notes
Turn   | Place    | Note
-------+----------+-------------------------------------------
     0 | D:1      | thromnambular the Demigod Air Elementalist began the quest
                  | for the Orb.
     0 | D:1      | Reached XP level 1. HP: 14/14 MP: 5/5
   394 | D:1      | Reached XP level 2. HP: 20/20 MP: 4/7
   785 | D:1      | Learned a level 2 spell: Static Discharge
  1401 | D:2      | Reached XP level 3. HP: 26/26 MP: 5/8
  1736 | D:2      | You fall into a shaft and drop 2 floors!
  1854 | D:4      | Noticed a lemure
  2028 | D:3      | Reached skill level 1 in Conjurations
  2091 | D:3      | HP: 1/26 [gnoll/+0 halberd (13)]
  2095 | D:3      | Reached XP level 4. HP: 8/33 MP: 4/9
  2207 | D:3      | Learned a level 3 spell: Swiftness
  2217 | D:3      | Identified the +4 sling "Loosisk" {drain, rF+ Will- Dex+2
                  | Stlth+}
  2411 | D:3      | Identified the ring "Koufoumy" {Ice rElec Int+3 Dex-5}
  2758 | D:2      | Gained mutation: You passively map a small area around you.
                  | [potion of mutation]
  2758 | D:2      | Gained mutation: Your spells are a little easier to cast,
                  | but a little less powerful. [potion of mutation]
  2758 | D:2      | Gained mutation: You expend magic power (3 MP) to
                  | strengthen your wands. [potion of mutation]
  3235 | D:3      | Reached skill level 1 in Fighting
  3861 | D:4      | Succumbed to a scorpion's poison

Illustrated notes

Levels and vault maps discovered:
D:1:      co_arrival_random_square_maze, layout_basic
D:2:      layout_loops_ring, minmay_shallow_snake_nest
D:3:      wad_woods_settlement, layout_basic,
          mainiacjoe_overflow_concentric_impassable
D:4:      layout_basic, mainiacjoe_overflow_tiny_flanked,
          general_overflow_altar, grunt_qazlal_sundering, uniq_robin, uniq_pikel

Skill      XL: |  1  2  3  4 |
---------------+-------------+-----
Dodging        | 2 3 |  3.3
Air Magic      | 3 |  3.3
Spellcasting   | 2 |  2.1
Conjurations   | 1 |  1.6
Fighting       | 1 |  1.2
Stealth        | |  1.7

Action                     |  1- 3 |  4- 6 || total
---------------------------+-------+-------++-------
  Melee: Dagger            |    25 |       ||    25
         Punch             |     2 |       ||     2
         Staff             |     2 |     1 ||     3
  Throw: Boomerang         |       |     3 ||     3
   Cast: Shock             |    95 |    36 ||   131
         Static Discharge  |     1 |     9 ||    10
    Use: Scroll            |     3 |     6 ||     9
         Potion            |     3 |     2 ||     5
 Armour: Robe              |    10 |       ||    10
  Dodge: Dodged            |    41 |    13 ||    54
